 Dungeon Crawl Stone Soup version 0.22-a0-779-g6f83d72c62 (webtiles) character file.

2108 Kholdaimon the Geomancer (level 9, -2/52 HPs)
             Began as a Gargoyle Earth Elementalist on July 19, 2018.
             Was a Follower of Ashenzari.
             Shot with a sling bullet by Joseph (8 damage)
             ... on level 7 of the Dungeon.
             The game lasted 01:07:28 (8544 turns).

Kholdaimon the Geomancer (GrEE)                     Turns: 8544, Time: 01:07:28

Health: -2/52      AC: 10    Str: 12    XL:     9   Next: 28%
Magic:  10/13      EV: 12    Int: 19    God:    Ashenzari [*.....]
Gold:   243        SH:  0    Dex: 10    Spells: 4/14 levels left

rFire    . . .     SeeInvis .   s - +2 short sword (venom)
rCold    . . .     Gourm    .   (no shield)
rNeg     + . .     Faith    .   G - +2 robe {MR+}
rPois    ∞         Spirit   .   (no helmet)
rElec    +         Reflect  .   (no cloak)
rCorr    .         Harm     .   (no gloves)
MR       +....                  (no boots)
Stlth    ++........             (no amulet)
HPRegen  0.17/turn              (no ring)
MPRegen  0.13/turn              (no ring)

@: no status effects
A: negative energy resistance 1, electricity resistance, unbreathing,
petrification resistance, rot immunity, AC +6
a: Curse Item, Scrying, Renounce Religion


You were on level 7 of the Dungeon.
You worshipped Ashenzari.
Ashenzari was aware of your devotion.
You were hungry.

You visited 2 branches of the dungeon, and saw 8 of its levels.
You also visited: Ossuary.

You collected 363 gold pieces.
You spent 120 gold pieces at shops.

Inventory:

Hand Weapons
 k - a +3 dagger
 l - a cursed -3 dagger
 s - a +2 short sword of venom (weapon)
 t - a +2 dagger of venom
 w - a +4 whip
 C - a +2 flail of crushing
 D - a cursed +0 short sword
 I - a +4 short sword of protection
 J - a cursed -3 dagger
 L - a cursed -1 flail
Missiles
 b - 41 stones (quivered)
 j - 22 sling bullets
 m - 72 poisoned needles
 o - 3 tomahawks
 u - 4 needles of sleeping
Armour
 A - a +3 ring mail of cold resistance
 G - a +2 robe of magic resistance (worn)
Jewellery
 q - an uncursed amulet of guardian spirit
Wands
 v - a wand of disintegration (17)
Scrolls
 f - a scroll of fog
 g - 3 scrolls of fear {unknown}
 y - 2 scrolls of blinking {unknown}
 B - a scroll of remove curse
 E - a scroll of amnesia
 F - a scroll of teleportation
Potions
 a - a potion of cancellation {unknown}
 h - a potion of curing
 i - 3 potions of might
 n - a potion of mutation
 p - a potion of lignification
 r - 4 potions of heal wounds
 x - a potion of resistance {unknown}
 z - 2 potions of agility
 H - 2 potions of haste
Comestibles
 c - 5 chunks of flesh
 d - 7 rations


   Skills:
 + Level 3.7 Fighting
 + Level 0.9 Armour
 - Level 2.0 Dodging
 - Level 2.1 Stealth
 + Level 3.1 Spellcasting
 - Level 4.0 Conjurations
 - Level 4.0 Transmutations
 + Level 11.0 Earth Magic


You had 4 spell levels left.
You knew the following spells:

 Your Spells              Type           Power        Failure   Level  Hunger
a - Sandblast             Erth           #####.       1%          1    None
b - Passwall              Tmut/Erth      ####....     1%          2    ##.....
c - Stone Arrow           Conj/Erth      ####..       1%          3    ###....
d - Petrify               Tmut/Erth      ####....     7%          4    ####...

Your spell library contained the following spells:

 Spells                   Type           Power        Failure   Level  Hunger
 Apportation              Tloc           #.....       16%         1    None
 Confuse                  Hex            #.......     41%         3    ###....
 Invisibility             Hex            #.......     100%        6    #######
 Tukima's Dance           Hex            #.......     41%         3    ###....
 Ensorcelled Hibernation  Hex/Ice        #.....       22%         2    ##.....
 Summon Butterflies       Summ           #.......     16%         1    None
 Corona                   Hex            #......      16%         1    None
 Alistair's Intoxication  Tmut/Pois      ##......     88%         5    ######.
 Lee's Rapid Deconstruct  Erth           #####.....   4%          5    ######.
 Dazzling Spray           Conj/Hex       ##....       21%         3    ###....
 Lesser Beckoning         Tloc           #.........   41%         3    ###....


Dungeon Overview and Level Annotations

Branches:
Dungeon (7/15)             Temple (1/1) D:4

Altars:
Ashenzari
Cheibriados
Dithmenos
Elyvilon
Fedhas
Gozag
Hepliaklqana
Kikubaaqudgha
Makhleb
Nemelex Xobeh
Okawaru
Qazlal
Ru
Sif Muna
Trog
Uskayaw
Vehumet
Wu Jian
Xom
Yredelemnul
Zin
The Shining One

Shops:
D:4 }   D:5 *[

Annotations:
D:4 1 transporter, XviperX's ghost, amateur GnTm
D:7 Joseph


Innate Abilities, Weirdness & Mutations

You are resistant to torment.
Your stone body is resilient. (AC +6)
You are immune to poison.
You resist negative energy. (rN+)
You are resistant to electric shocks. (rElec)
You can survive without breathing.
You are immune to petrification.
You are immune to rotting.


Message History

Joseph is moderately wounded.
Joseph is no longer petrified.
Joseph hits you with a quarterstaff of distortion!
Space warps horribly around you!
Casting: Petrify (safe; 7% risk of failure)
Confirm with . or Enter, or press ? or * to list all spells.
Aiming: Sandblast (safe; 1% risk of failure)
Press: ? - help, Shift-Dir - straight line, f/p - Joseph
Aim: Joseph, wielding a quarterstaff of distortion, wearing a leather armour and quivering 27 sling bullets (heavily wounded, poisoned)
The blast of sand hits Joseph.
Joseph is severely wounded.
b - 41 stones Joseph hits you with a quarterstaff of distortion!
* * * LOW HITPOINT WARNING * * *
Space bends around you.
* * * LOW HITPOINT WARNING * * *
Joseph unwields an uncursed quarterstaff of distortion.
Its appearance distorts for a moment.
Joseph wields a hunting sling.
Joseph shoots a sling bullet.
The sling bullet hits you!
You die...

#............#
#............#
#########............#
...........###.#######
.............#.#
.............#.#####
.............#.#...######
........................#
........@...............#
...........#............#
......@....#............#
...........#............#
.........$.#............#
...........#............#
...........#............#
...........###)##########
############ #.#


You could see Joseph.

Vanquished Creatures
  Prince Ribbit (D:6)
  Eustachio (D:5)
  An ice beast (D:6)
  4 ogres
  An elf zombie (Ossuary)
  Blork the orc (D:5)
  A bullfrog (D:6)
  2 scorpions
  A howler monkey (D:4)
  3 crimson imps
  A bullfrog zombie (D:5)
  4 hounds
  2 jellies (D:5)
  6 orc wizards
  2 human zombies (Ossuary)
  4 orc priests
  Terence (D:2)
  4 worker ants
  A mummy (Ossuary)
  4 gnolls (D:3)
  5 adders
  2 shadow imps
  3 oozes
  An adder skeleton (D:5)
  2 worms (D:2)
  A dart slug (D:1)
  2 leopard geckos
  14 orcs
  A ball python (D:2)
  5 bats
  6 giant cockroaches
  4 goblins
  5 hobgoblins
  11 jackals
  2 quokkas
  2 frilled lizards
  7 kobolds
  A leopard gecko zombie (D:6)
  8 rats
127 creatures vanquished.

Vanquished Creatures (others)
  An orc (D:5)
1 creature vanquished.

Grand Total: 128 creatures vanquished

Notes
Turn   | Place    | Note
-------+----------+-------------------------------------------
     0 | D:1      | Kholdaimon the Gargoyle Earth Elementalist began the quest for the Orb.
     0 | D:1      | Reached XP level 1. HP: 10/10 MP: 3/3
   176 | D:1      | Reached XP level 2. HP: 15/15 MP: 0/5
   290 | D:1      | Learned a level 2 spell: Passwall
   363 | D:1      | Reached skill level 4 in Earth Magic
   527 | D:1      | Reached XP level 3. HP: 19/19 MP: 1/6
  1225 | D:2      | Learned a level 3 spell: Stone Arrow
  1433 | D:2      | Reached skill level 5 in Earth Magic
  1433 | D:2      | Reached XP level 4. HP: 9/24 MP: 3/8
  1659 | D:2      | Found a burning altar of Makhleb.
  1830 | D:2      | Found a glowing golden altar of the Shining One.
  2027 | D:2      | Reached XP level 5. HP: 28/28 MP: 3/9
  2097 | D:2      | Noticed Terence
  2163 | D:2      | Killed Terence
  2163 | D:2      | Reached skill level 6 in Earth Magic
  2612 | D:2      | Found a faded altar of an unknown god.
  2892 | D:3      | Found a radiant altar of Vehumet.
  3430 | D:3      | Reached skill level 7 in Earth Magic
  3430 | D:3      | Reached XP level 6. HP: 32/32 MP: 6/10
  3436 | D:3      | Learned a level 4 spell: Petrify
  3923 | D:4      | Noticed XviperX's ghost (amateur GnTm)
  3926 | D:4      | Reached skill level 1 in Transmutations
  3949 | D:4      | Reached skill level 1 in Conjurations
  3993 | D:4      | Found Lowogh's Gadget Boutique.
  4230 | D:4      | Found a bloodstained altar of Trog.
  4245 | D:4      | Found a staircase to the Ecumenical Temple.
  4254 | Temple   | Entered the Ecumenical Temple
  4318 | Temple   | Became a worshipper of Ashenzari the Shackled
  4758 | D:4      | Reached XP level 7. HP: 36/36 MP: 7/11
  4760 | D:4      | Reached skill level 8 in Earth Magic
  5215 | D:4      | Found a transporter.
  5248 | D:5      | Entered Level 5 of the Dungeon
  5254 | D:5      | Found an ancient bone altar of Kikubaaqudgha.
  5300 | D:5      | Noticed Eustachio
  5322 | D:5      | Killed Eustachio
  5569 | D:5      | Reached XP level 8. HP: 41/41 MP: 10/12
  5661 | D:5      | Found a sand-covered staircase.
  5665 | Ossuary  | Entered an ossuary
  6055 | D:5      | Found Zuwet's Armour Shoppe.
  6194 | D:5      | Found a snail-covered altar of Cheibriados.
  6196 | D:5      | Found an opulent altar of Gozag.
  6455 | D:5      | Found Noxi's General Store.
  6458 | D:5      | Bought a potion of haste for 120 gold pieces
  6505 | D:5      | Reached skill level 9 in Earth Magic
  6643 | D:5      | Noticed Blork the orc
  6651 | D:5      | Killed Blork the orc
  6845 | D:6      | Noticed Prince Ribbit
  6862 | D:6      | Killed Prince Ribbit
  6862 | D:6      | Reached skill level 10 in Earth Magic
  6929 | D:6      | Reached * piety under Ashenzari
  7063 | D:6      | Reached skill level 1 in Fighting
  7083 | D:6      | Found a glowing silver altar of Zin.
  7084 | D:6      | Noticed an angel
  7103 | D:6      | Reached XP level 9. HP: 45/48 MP: 0/13
  7738 | D:6      | Reached skill level 11 in Earth Magic
  8526 | D:7      | Noticed Joseph
  8544 | D:7      | Shot with a sling bullet by Joseph

Vault maps used:
D:1:      dpeg_arrival_prison, minmay_misc_feat_rugged
D:2:      tso_altar, chequers_ecumenical_altar_twisty,
          makhleb_blood_cavern_becter, uniq_terence
D:3:      vehumet_crystals, minmay_item_behind_shaft
D:4:      lemuel_crystal_altar, minmay_temple_entry_nine_rooms, serial_shops,
          shop_fountains, first_ration, gammafunk_ghost_stat_death,
          minmay_misc_feat_encased
D:5:      minitemple, lightli_ossuary_entry_decrepit_ruins, serial_shops,
          nicolae_shop_behind_doors, nicolae_shop_behind_doors,
          serial_column_ruins, column_ruins_corridor_T, column_ruins_open_tiny,
          column_ruins_grid_2, column_ruins_open_tiny, uniq_blork_the_orc,
          uniq_eustachio
D:6:      zin_angel, serial_park_tiny_pond, uniq_prince_ribbit1
D:7:      serial_shops, nicolae_shop_waterfront, uniq_joseph
Temple:   regret_index_temple_generic_petals
Ossuary:  ossuary_minmay_four_chambers

Skill      XL: |  1  2  3  4  5  6  7  8  9 |
---------------+----------------------------+-----
Earth Magic    | 4 5 7 8 10 11 | 11.0
Dodging        | 2 |  2.0
Spellcasting   | 3 |  3.1
Transmutations | 1 3 4 |  4.0
Conjurations   | 1 3 4 |  4.0
Fighting       | 2 3 |  3.7
Armour         | |  0.9
Stealth        | |  2.1

Action                   |  1- 3 |  4- 6 |  7- 9 || total
-------------------------+-------+-------+-------++-------
Melee: Dagger            |    41 |    26 |       ||    67
       Falchion          |       |    49 |       ||    49
       Short sword       |       |     1 |   110 ||   111
       Whip              |       |       |    29 ||    29
Throw: Stone             |     9 |     1 |     1 ||    11
 Cast: Sandblast         |    54 |    45 |    42 ||   141
       Stone Arrow       |       |    20 |    35 ||    55
       Petrify           |       |       |    10 ||    10
  Use: Scroll            |       |     9 |     3 ||    12
 Stab: Sleeping          |       |     3 |     1 ||     4
       Petrified         |       |       |    41 ||    41
  Eat: Chunk             |     2 |    14 |    13 ||    29
       Ration            |       |       |     1 ||     1
Armor: Robe              |    25 |    30 |    30 ||    85
Dodge: Dodged            |    36 |    57 |    51 ||   144
       Rpst.: Falchion   |       |    17 |       ||    17

Table legend:
 A = Spawn XP
 B = Non-spawn XP
 C = Spawn XP percentage of total XP
 D = Spawn monster count
 E = Non-spawn monster count
 F = Spawn count percentage of total count
 G = Total turns spent on level
                    A         B        C        D         E        F      G
               +---------+---------+-------+---------+---------+-------+---------
         Total |       0 |    3012 |   0.0 |       0 |     127 |   0.0 |  8544
               +---------+---------+-------+---------+---------+-------+---------
           D:1 |       0 |      59 |   0.0 |       0 |      31 |   0.0 |  1220
           D:2 |       0 |     144 |   0.0 |       0 |      14 |   0.0 |  1549
           D:3 |       0 |     131 |   0.0 |       0 |      19 |   0.0 |  1083
           D:4 |       0 |     484 |   0.0 |       0 |      16 |   0.0 |  1167
           D:5 |       0 |     934 |   0.0 |       0 |      21 |   0.0 |  1754
           D:6 |       0 |     862 |   0.0 |       0 |      18 |   0.0 |  1305
           D:7 |       0 |     198 |   0.0 |       0 |       4 |   0.0 |   183
       Ossuary |       0 |     200 |   0.0 |       0 |       4 |   0.0 |    54
               +---------+---------+-------+---------+---------+-------+---------
